[Event "*** Titled Tuesday Blitz"]
[Site "Chess.com"]
[Date "2018.07.03"]
[Round "6"]
[White "kuli4ik"]
[Black "GM_dmitrij"]
[Result "1/2-1/2"]
[WhiteElo "2764"]
[BlackElo "2813"]
[TimeControl "180+2"]
[EndTime "14:17:10 PDT"]
[Termination "Game drawn by repetition"]

1. d4 Nf6 2. Bg5 Ne4 3. Bf4 d5 4. Nd2 Nxd2 5. Qxd2 Bf5 6. Nf3 e6 7. e3 Bd6 8. Bxd6 Qxd6 9. Be2 O-O 10. O-O c5 11. Rfc1 Nc6 12. dxc5 Qxc5 13. c4 dxc4 14. Rxc4 Qb6 15. h3 Rfd8 16. Qc3 h6 17. Rc1 Rd6 18. Nh4 Rad8 19. Nxf5 exf5 20. a3 Rd2 21. Rc2 R2d5 22.
Bf3 Rd3 23. Qe1 Ne5 24. Rc8 Nxf3+ 25. gxf3 Kh7 26. Rxd8 Qxd8 27. Qe2 a5 28. Kg2 b5 29. f4 b4 30. axb4 axb4 31. Rc8 Rxe3 32. Qc4 Re4 33. Qxe4 Qxc8 34. Qxb4 Qc6+ 35. Kh2 Qf3 36. Qd4 Qb3 37.
Kg2 f6 38. Qc3 Qd5+ 39. Kg3 Qh1 40. Qc2 Qg1+ 41. Kf3 Qh1+ 42. Kg3 Qg1+ 43. Kf3 Qh1+ 44. Kg3 Qg1+ 45. Kf3 1/2-1/2

[Event "*** Titled Tuesday Blitz"]
[Site "Chess.com"]
[Date "2018.07.03"]
[Round "6"]
[White "GMKrikor"]
[Black "GMMatamoros"]
[Result "1-0"]
[WhiteElo "2620"]
[BlackElo "2514"]
[TimeControl "180+2"]
[EndTime "14:17:10 PDT"]
[Termination "GMKrikor won by resignation"]

1. d4 Nf6 2. c4 g6 3. g3 Bg7 4.
Bg2 O-O 5. Nf3 d6 6. O-O Nbd7 7. Nc3 e5 8. e4 a6 9. h3 b5 10. dxe5 dxe5 11. a3 Bb7 12. Qe2 c6 13. Rd1 Qe7 14. Be3 Nc5 15. Nd2 Ne6 16. Nb3 Rad8 17. Rac1 h5 18.
Rxd8 Rxd8 19. Rd1 h4 20. Rxd8+ Qxd8 21. g4 Nh7 22. Qd2 Bf6 23. Qxd8+ Bxd8 24. Nc5 Nxc5 25. Bxc5 Ng5 26. Kf1 Ne6 27. Bd6 f6 28. Ke1 Bb6 29.
Bf1 Bd4 30. Nd1 Kf7 31. b4 Bc8 32. c5 Ng5 33. Bg2 Be6 34. Kd2 Bc4 35. Ne3 Bb3 36. f3 Ne6 37. Bf1 Nf4 38. Nc2 Be6 39. Nxd4 exd4 40.
Bxf4 1-0

[Event "*** Titled Tuesday Blitz"]
[Site "Chess.com"]
[Date "2018.07.03"]
[Round "6"]
[White "murmah2003"]
[Black "bugsbunny444"]
[Result "1-0"]
[WhiteElo "2607"]
[BlackElo "2375"]
[TimeControl "180+2"]
[EndTime "14:17:10 PDT"]
[Termination "murmah2003 won by checkmate"]

1. Nf3 d5 2. d4 e6 3. c4 c6 4. Bg5 Be7 5. Bxe7 Qxe7 6. Nc3 Nf6 7. e3 O-O 8. Qc2 Nbd7 9. Rd1 h6 10. h3 Re8 11.
Bd3 dxc4 12. Bxc4 e5 13. d5 cxd5 14. Nxd5 Nxd5 15. Bxd5 Nb6 16. Bb3 Be6 17. O-O Rac8 18. Qd3 Nc4 19. Rc1 Nxb2 20. Qe2 e4 21. Rxc8 Rxc8 22.
Nd4 Nc4 23. Rc1 Bd5 24. Bxc4 Qc7 25. Bxd5 Qxc1+ 26. Kh2 Qc7+ 27. g3 Qe5 28. Bb3 g6 29. Kg2 Kg7 30. Qg4 Rc7 31. h4 f5 32. Qe2 Re7 33. Qd2 g5 34. hxg5 hxg5 35. Qc3 Kf6 36.
Qc8 f4 37. Qf8+ Rf7 38. Qxf7# 1-0

[Event "*** Titled Tuesday Blitz"]
[Site "Chess.com"]
[Date "2018.07.03"]
[Round "6"]
[White "gemarin"]
[Black "morphy1984"]
[Result "0-1"]
[WhiteElo "1824"]
[BlackElo "2492"]
[TimeControl "180+2"]
[EndTime "14:17:12 PDT"]
[Termination "morphy1984 won by resignation"]

1. d4 Nf6 2. c4 g6 3. Nf3 Bg7 4. g3 O-O 5. Bg2 d6 6. O-O Nbd7 7. Nc3 e5 8. Qc2 Re8 9. Rd1 exd4 10. Nxd4 Ne5 11.
Nd5 c6 12. Ne3 Qc7 13. b3 Bd7 14. Ba3 Rad8 15. Rac1 Bc8 16. Nf1 Ned7 17. h3 Nc5 18.
Nd2 Qe7 19. e3 Nfe4 20. Nxe4 Nxe4 21. Bb2 a6 22. Re1 Nc5 23. Rcd1 Ne6 24. Re2 Ng5 25. Kh2 h5 26. f4 Ne4 27. Bf3 h4 28. Bxe4 hxg3+ 29.
Kxg3 Qxe4 30. Qxe4 Rxe4 31. h4 Rde8 32. Kf3 c5 33. Nc2 Bxb2 34. Rh1 b5 35. h5 Bb7 36.
Kf2 Rxf4+ 37. exf4 Rxe2+ 38. Kxe2 Bxh1 39. hxg6 fxg6 0-1

[Event "*** Titled Tuesday Blitz"]
[Site "Chess.com"]
[Date "2018.07.03"]
[Round "6"]
[White "catalin009"]
[Black "Superfelix"]
[Result "0-1"]
[WhiteElo "2427"]
[BlackElo "2386"]
[TimeControl "180+2"]
[EndTime "14:17:15 PDT"]
[Termination "Superfelix won by resignation"]

1. e4 c5 2. Nf3 d6 3. Bb5+ Nd7 4. O-O Nf6 5. Re1 a6 6. Bf1 g6 7. c3 Bg7 8. d4 e5 9. dxe5 Nxe5 10. Nxe5 dxe5 11.
Qxd8+ Kxd8 12. Bg5 h6 13. Bxf6+ Bxf6 14. Bc4 Be6 15.
Bxe6 fxe6 16. a4 b6 17. Na3 Kc7 18. Red1 Rhd8 19. Kf1 Kc6 20. Nc4 h5 21. Ke2 Bg7 22.
Rxd8 Rxd8 23. Rd1 Rxd1 24. Kxd1 b5 25. axb5+ axb5 26. Nd2 c4 27. Ke2 Kc5 28. Nf3 Bf6 29.
h3 b4 30. Kd2 Kb5 31. Kc2 b3+ 32. Kd2 Kc5 33. Ke2 Kd6 34. g3 Bg7 35. Nh4 Bh6 36. Kd1 g5 37. Nf3 Kc5 38. Nxe5 Bg7 39. Nf3 Bf6 40.
Ke2 Kd6 41. Nd2 Kc5 42. Nf1 Be5 43. Nd2 Bf6 44. Nf1 Be5 45. Kd2 h4 46. gxh4 Bf4+ 47. Kd1 gxh4 48. Nd2 Bg5 49. Nf3 Bf6 50. Ke2 Be7 51. Nd4 Kd6 52. f4 Bd8 53. Nf3 Kc5 54. Ke3 Bf6 55. e5 Be7 56. Nd4 Kd5 57. Nf3 Bc5+ 58.
Nd4 Bxd4+ 59. cxd4 c3 0-1

[Event "*** Titled Tuesday Blitz"]
[Site "Chess.com"]
[Date "2018.07.03"]
[Round "6"]
[White "Polish_fighter3000"]
[Black "eljanov"]
[Result "0-1"]
[WhiteElo "2746"]
[BlackElo "2655"]
[TimeControl "180+2"]
[EndTime "14:17:17 PDT"]
[Termination "eljanov won by resignation"]

1. d4 d5 2. Bf4 c5 3. e3 Nc6 4. c3 Nf6 5. Nd2 Bf5 6. Qb3 Qd7 7. dxc5 e5 8. Bg5 Bxc5 9. Bxf6 gxf6 10. Ngf3 O-O-O 11. Qa4 Kb8 12. Nb3 Bb6 13. O-O-O Rhg8 14. h3 Qc7 15. Nh4 Be6 16. Kb1 f5 17. g3 f4 18.
gxf4 exf4 19. Ng2 Bf5+ 20. Bd3 Bxd3+ 21. Rxd3 Rxg2 22. exf4 Rxf2 23. Nc1 Qxf4 24. Qxf4+ Rxf4 25. Rhd1 d4 26. Ne2 Re4 27. Ng3 Re3 28. cxd4 Rxd3 29. Rxd3 Rxd4 30. Rf3 Bc7 31. Ne2 Rd2 32. Nc3 Ne5 33.
Rf5 a6 34. Ne4 Re2 35. Nc5 Bd6 36. Na4 Kc7 37. Rh5 Kd7 38. Rxh7 b5 39. Nc3 Rh2 40. a4 b4 41. Nd5 b3 42. Kc1 Nc4 43. Kd1 Nxb2+ 44.
Ke1 Nd3+ 45. Kf1 b2 46. Nc3 Rc2 0-1

[Event "*** Titled Tuesday Blitz"]
[Site "Chess.com"]
[Date "2018.07.03"]
[Round "6"]
[White "Keures"]
[Black "26andrej26"]
[Result "0-1"]
[WhiteElo "2134"]
[BlackElo "2398"]
[TimeControl "180+2"]
[EndTime "14:17:17 PDT"]
[Termination "26andrej26 won by checkmate"]

1. d4 Nf6 2. c4 g6 3. Nc3 Bg7 4. e4 d6 5. f3 O-O 6. Be3 a6 7. Qd2 Nbd7 8. Bd3 c5 9. Nge2 cxd4 10. Nxd4 e6 11. O-O d5 12. cxd5 exd5 13. Nc2 Ne5 14. exd5 Nxd5 15. Nxd5 Qxd5 16. Be2 Qxd2 17. Bxd2 Rd8 18.
Bc3 Bf5 19. Ne3 Bd3 20. Rfe1 b5 21. a3 Rac8 22. f4 Bxe2 23. Rxe2 Nd3 24. Bxg7 Kxg7 25.
g3 Nc1 26. Re1 Nb3 27. Rad1 Re8 28. Nd5 Rxe1+ 29. Rxe1 Rc2 30. Nb4 Rxb2 31. Nxa6 Nd4 32. Re7 Nf3+ 33. Kf1 Nxh2+ 34. Ke1 Nf3+ 35. Kf1 Nd4 36.
Nc7 Nf5 37. Rd7 Nxg3+ 38. Ke1 b4 39. axb4 Rxb4 40. Ne8+ Kf8 41. Nf6 Rxf4 42. Nxh7+ Kg7 43. Ng5 Rf5 44. Ne6+ Kf6 45. Nd4 Re5+ 46. Kf2 Nf5 47. Nc6 Re6 48. Nd8 Re7 49. Rd1 Rc7 50. Rd2 Ke7 51. Rd3 Nd6 52. Nxf7 Nxf7 53. Re3+ Kf6 54. Rf3+ Kg7 55. Kg3 g5 56. Kg4 Kg6 57. Kg3 g4 58.
Rd3 Nh6 59. Rd6+ Kg5 60. Rd5+ Nf5+ 61. Kg2 Rc2+ 62. Kg1 g3 63. Rb5 Kg4 64. Rb4+ Kh3 65. Rb3 Rc1# 0-1

[Event "*** Titled Tuesday Blitz"]
[Site "Chess.com"]
[Date "2018.07.03"]
[Round "6"]
[White "Morshynska"]
[Black "AsaHoffmann"]
[Result "1/2-1/2"]
[WhiteElo "2142"]
[BlackElo "1961"]
[TimeControl "180+2"]
[EndTime "14:17:18 PDT"]
[Termination "Game drawn by agreement"]

1. d4 Nf6 2. c4 c5 3. Nf3 cxd4 4.
Nxd4 e5 5. Nf3 Nc6 6. Nc3 Bb4 7. Bd2 O-O 8. e3 d6 9. a3 Ba5 10. b4 Bc7 11. Be2 h6 12. O-O Bf5 13. Qb3 Be6 14.
Rfd1 a6 15. a4 a5 16. Nb5 axb4 17. Bxb4 Nxb4 18. Qxb4 d5 19. cxd5 Nxd5 20. Qb2 Qb8 21. Bc4 Nf4 22. Bxe6 Nxe6 23. Nxc7 Qxc7 24. Qxe5 Qc2 25.
Rdc1 Qg6 26. a5 Rfe8 27. Qb5 Re7 28. Rab1 Qe4 29. h3 Rd8 30. Rc4 Qd5 31. Qxd5 Rxd5 32. Rcb4 Rxa5 33. Rxb7 Rxb7 34. Rxb7 Ra1+ 35. Kh2 Ra2 36.
Kg3 Nc5 37. Rb8+ Kh7 38. Re8 f5 39. Nd4 Ne4+ 40. Kh2 Rxf2 41. Re5 g6 42. Kg1 Rd2 43. Re7+ Kg8 44. Ne6 Ng5 45. Rg7+ Kh8 46. Rxg6 Nxe6 47. Rxe6 Kg7 48. Kh2 Re2 49. Re5 Kf6 50. Re8 Kf7 51. Re5 Kf6 52. Re8 Kf7 53. Re5 1/2-1/2

[Event "*** Titled Tuesday Blitz"]
[Site "Chess.com"]
[Date "2018.07.03"]
[Round "6"]
[White "Genghis_K"]
[Black "Dr-Bassem"]
[Result "0-1"]
[WhiteElo "2705"]
[BlackElo "2717"]
[TimeControl "180+2"]
[EndTime "14:17:20 PDT"]
[Termination "Dr-Bassem won by resignation"]

1. e4 e5 2. Nf3 Nc6 3. Nc3 Nf6 4. Bb5 Bb4 5. O-O O-O 6. d3 Bxc3 7. bxc3 d6 8. Nd2 Bg4 9. f3 Bd7 10. f4 exf4 11.
Rxf4 Ne5 12. Bxd7 Nfxd7 13. c4 Ng6 14. Rf2 Nde5 15. Nf1 Qh4 16. Ne3 Ne7 17. Bb2 f6 18.
Qd2 Ng4 19. Nxg4 Qxg4 20. Raf1 c6 21. Rf3 Qe6 22. h4 Rf7 23. h5 h6 24. Qf4 Raf8 25.
Rg3 Kh7 26. Ba3 c5 27. Bb2 Nc6 28. Bc3 Ne5 29. a4 f5 30. exf5 Rxf5 31. Qe4 Rf7 32.
a5 Kg8 33. Rxf5 Qxf5 34. Qxf5 Rxf5 35. Rh3 Ng4 36. Rg3 Nf6 37. Re3 Kf7 38. Re1 Rxh5 39. Rb1 b6 40. Rxb6 axb6 41. a6 Ne8 0-1

[Event "*** Titled Tuesday Blitz"]
[Site "Chess.com"]
[Date "2018.07.03"]
[Round "6"]
[White "SergeiAza"]
[Black "RiskyDecision"]
[Result "1-0"]
[WhiteElo "2682"]
[BlackElo "2495"]
[TimeControl "180+2"]
[EndTime "14:17:22 PDT"]
[Termination "SergeiAza won by checkmate"]

1. e4 e6 2. d4 d5 3. Nd2 dxe4 4. Nxe4 Nd7 5. Nf3 Ngf6 6. Nxf6+ Nxf6 7. Bd3 c5 8. O-O cxd4 9. Nxd4 Bc5 10. Be3 Bb6 11.
Qe1 Bxd4 12. Bb5+ Bd7 13. Bxd7+ Qxd7 14. Rd1 O-O 15. Bxd4 Qc6 16. Bxf6 gxf6 17. c3 Rfd8 18. Qe3 Qa4 19. Qf3 Qxa2 20. Qxf6 Rd5 21. h4 Rad8 22.
Qxd8+ Rxd8 23. Rxd8+ Kg7 24. Rd2 a5 25. Rfd1 a4 26.
g3 Qb3 27. Re1 b5 28. Re3 b4 29. cxb4 Qxb4 30. Rc2 Qd4 31. Rcc3 Qd1+ 32. Kg2 Qd2 33.
Ra3 Qd4 34. b3 axb3 35. Raxb3 Qd5+ 36. Kg1 Qd1+ 37. Kh2 Qd4 38. Rbd3 Qb2 39. Rf3 Qb7 40. Rf4 e5 41. Rf5 e4 42. Rd6 e3 43. fxe3 Qb2+ 44.
Kh3 Qe2 45. Rdf6 Qxe3 46. Rxf7+ Kg8 47. Rf8+ Kg7 48. R5f7+ Kh6 49. Rf2 Qe6+ 50. Kh2 Kg7 51. R8f5 Qc4 52. Rg5+ Kh6 53. Rf6# 1-0

[Event "*** Titled Tuesday Blitz"]
[Site "Chess.com"]
[Date "2018.07.03"]
[Round "6"]
[White "Sordis"]
[Black "jeetjain"]
[Result "0-1"]
[WhiteElo "2272"]
[BlackElo "2443"]
[TimeControl "180+2"]
[EndTime "14:17:24 PDT"]
[Termination "jeetjain won on time"]

1. c4 e6 2. g3 d5 3. Bg2 Nf6 4. Nf3 dxc4 5. Qa4+ Nbd7 6. Qxc4 a6 7. Qc2 Rb8 8. O-O c5 9. d3 Bd6 10. Nbd2 b5 11. a4 Bb7 12. axb5 axb5 13. b3 O-O 14.
Bb2 h6 15. Rfc1 Nd5 16. Ne4 Be7 17. Qd1 Qb6 18. Ne5 Nxe5 19. Bxe5 Ra8 20. Qd2 b4 21. Qc2 Rxa1 22. Rxa1 f6 23. Bb2 Nc7 24. Nd2 Bxg2 25. Kxg2 e5 26. Nc4 Qb7+ 27. Kg1 Ra8 28. Qc1 Nb5 29.
Ra4 Rxa4 30. bxa4 Nc7 31. e4 Qa6 32. Qc2 Ne6 33. Qb3 Kh7 34. Ne3 Bd8 35. h4 Ba5 36. Kg2 Qd6 37. Nd5 Bd8 38. h5 Ba5 39. Qc4 Nd4 40.
Bxd4 cxd4 41. Qc8 b3 42. Qb7 Bb6 43. Nxb6 Qb4 44. Qc7 b2 45. Nd7 Kg8 46. Qd8+ Kf7 0-1

[Event "*** Titled Tuesday Blitz"]
[Site "Chess.com"]
[Date "2018.07.03"]
[Round "6"]
[White "Bryakin_Mikhail"]
[Black "Alopekos"]
[Result "0-1"]
[WhiteElo "2598"]
[BlackElo "2433"]
[TimeControl "180+2"]
[EndTime "14:17:28 PDT"]
[Termination "Alopekos won by resignation"]

1. d4 Nf6 2. c4 e6 3. g3 d5 4. Bg2 Be7 5. Nf3 O-O 6. O-O dxc4 7. Qc2 b5 8. Ne5 Qxd4 9. Bxa8 Qxe5 10. Bf3 Na6 11. Bf4 Qc5 12. Nc3 Nb4 13. Qc1 Nbd5 14. Be5 Nd7 15. Nxd5 exd5 16. Bf4 d4 17. Qc2 Nf6 18.
Rad1 Bf5 19. Qc1 Rd8 20. a3 a5 21. Rfe1 Be4 22. Bg2 Bxg2 23. Kxg2 h6 24. h4 b4 25. axb4 axb4 26. Qc2 b3 27. Qc1 c3 28. Rd3 Nd5 29. Red1 Nb4 30. Rf3 c2 31. Rf1 Na2 32. Qd2 Bd6 33.
Bxd6 Rxd6 34. Rxb3 Qd5+ 35. Rf3 Rc6 36. e4 Qxe4 37. Re1 c1=Q 38. Qxc1 Qxf3+ 39. Kxf3 Nxc1 40. Re8+ Kh7 41. Re7 Kg6 42. Rd7 Nb3 43. g4 Kf6 44.
Ke4 Ke6 45. Rd8 Rd6 46. Re8+ Kd7 47. Ra8 d3 48. Ra1 d2 49. Rd1 Rc6 50. Kf3 Rc1 51.
Ke2 Rxd1 52. Kxd1 Ke6 0-1

[Event "*** Titled Tuesday Blitz"]
[Site "Chess.com"]
[Date "2018.07.03"]
[Round "6"]
[White "MikaelyanArman"]
[Black "jk13"]
[Result "1-0"]
[WhiteElo "2618"]
[BlackElo "2557"]
[TimeControl "180+2"]
[EndTime "14:17:47 PDT"]
[Termination "MikaelyanArman won by resignation"]

1. e4 e5 2. Nf3 Nc6 3. Nc3 Nf6 4. Be2 Bb4 5. Nd5 Bd6 6. Nxf6+ Qxf6 7. O-O O-O 8. Bc4 Bc5 9. d3 d6 10. h3 Na5 11.
Bb3 Nxb3 12. axb3 Bd7 13. Be3 Bb6 14. b4 h6 15. c4 Bxe3 16. fxe3 Qe7 17. Qe1 f5 18.
exf5 Bxf5 19. e4 Bd7 20. Qg3 Rf4 21. Nd2 Rxf1+ 22. Nxf1 c6 23. Ne3 a6 24. Kh2 Rf8 25. Rc1 Rf4 26. c5 Kh7 27. cxd6 Qxd6 28. Nc4 Qd4 29.
Qe3 Qxe3 30. Nxe3 Be6 31. Rc5 Rf2 32. Rxe5 Bf7 33. Re7 Kg8 34. Rxb7 Rxb2 35. Nf5 Rb3 36.
d4 h5 37. Ne7+ Kf8 38. Nxc6 Bg6 39. Rb8+ Be8 40. d5 Kf7 41. e5 Bxc6 42. dxc6 Rc3 43. Rb6 Rc4 44. Rxa6 Rxb4 45. Ra7+ Ke6 46. Rxg7 Kxe5 47.
Rg5+ Kf6 48. Rc5 Rb8 49. c7 1-0

[Event "*** Titled Tuesday Blitz"]
[Site "Chess.com"]
[Date "2018.07.03"]
[Round "6"]
[White "QDcoach"]
[Black "volodja49"]
[Result "1-0"]
[WhiteElo "2664"]
[BlackElo "2476"]
[TimeControl "180+2"]
[EndTime "14:17:50 PDT"]
[Termination "QDcoach won on time"]

1. d4 d5 2. c4 e6 3. Nf3 Nf6 4. g3 dxc4 5. Bg2 b5 6. O-O Bb7 7. a4 a6 8. Na3 Bxa3 9. Rxa3 O-O 10. Bg5 Nbd7 11. Qc2 h6 12. Bf4 Be4 13. Qd2 Nd5 14. Rc1 Nxf4 15. Qxf4 Nf6 16. h4 Qd6 17. Qe3 Qd5 18.
b3 Qd6 19. bxc4 b4 20. Rb3 a5 21. Ne5 Bxg2 22. Kxg2 Rfd8 23. Qf3 Qxd4 24. Nc6 Qe4 25. Nxd8 Rxd8 26. Rd3 Rb8 27. Qxe4 Nxe4 28. c5 Nc3 29.
Ra1 Kf8 30. Kf1 Ke7 31. Ke1 Rd8 32. f3 Rxd3 33. exd3 Kd7 34. Kd2 Kc6 35. d4 Kd5 36. Kd3 c6 37. h5 f6 38. f4 e5 39. fxe5 fxe5 40. dxe5 Kxe5 41. Kc4 Ke4 42. Re1+ Kf3 43. Kb3 Ne4 44. Kc4 Nc3 45. Re6 Nxa4 46. Rxc6 Nb2+ 47. Kb3 Nd3 48. Rc8 Ke4 49. c6 Kd5 50. Rd8+ 1-0

[Event "*** Titled Tuesday Blitz"]
[Site "Chess.com"]
[Date "2018.07.03"]
[Round "6"]
[White "andrzej"]
[Black "ama18"]
[Result "1-0"]
[WhiteElo "2213"]
[BlackElo "2265"]
[TimeControl "180+2"]
[EndTime "14:17:51 PDT"]
[Termination "andrzej won by resignation"]

1. e4 e6 2. d4 d5 3. Nc3 Nf6 4.
e5 Nfd7 5. f4 c5 6. Nf3 Nc6 7.
Be3 a6 8. Qd2 b5 9. dxc5 Bxc5 10. Bd3 Qb6 11. Bf2 Bb7 12. O-O Bxf2+ 13. Rxf2 Nc5 14.
Qe3 Rd8 15. Ne2 d4 16. Qd2 Nxd3 17. cxd3 Ne7 18. Ng3 Bxf3 19. Rxf3 O-O 20. Ne4 Nf5 21. Qe2 Rc8 22. Rh3 h6 23. Qg4 Ne3 24. Qh5 Rc2 25. Rg3 Rfc8 26. Qxh6 Rxg2+ 27. Rxg2 Nxg2 28. Qg5 Nxf4 29. Qxf4 Rc2 30. Rf1 Qc7 31. h4 Rxb2 32. h5 Qc2 33.
Qxf7+ Kh7 34. Qg6+ Kg8 35. Qe8+ Kh7 36. Qg6+ Kg8 37.
Qxe6+ Kh7 38. Ng5+ 1-0

[Event "*** Titled Tuesday Blitz"]
[Site "Chess.com"]
[Date "2018.07.03"]
[Round "6"]
[White "saraswathii"]
[Black "colegiodemadrid"]
[Result "1-0"]
[WhiteElo "2315"]
[BlackElo "2215"]
[TimeControl "180+2"]
[EndTime "14:17:53 PDT"]
[Termination "saraswathii won by resignation"]

1. d4 d5 2. Bf4 e6 3. e3 Bd6 4. Bg3 Nf6 5. Nf3 b6 6. Nbd2 O-O 7. Bd3 Ba6 8. Bxa6 Nxa6 9. Qe2 Nb8 10. O-O c5 11. e4 dxe4 12. Nxe4 Nxe4 13. Qxe4 Bxg3 14. Qxa8 Bd6 15. dxc5 Bxc5 16. Qxa7 Nc6 17. Qa4 Ne7 18. Rad1 Qb8 19. c3 Ng6 20. Qd7 h5 21. b4 Be7 22.
Nd4 Bf6 23. Nc6 Qf4 24. Rd3 h4 25. Rf3 Qg5 26. Qc7 e5 27. Re1 e4 28. Rfe3 Nf4 29. g3 hxg3 30. Rxg3 Qf5 31. Qxb6 Nd3 32. Re2 Qh5 33. Qe3 Ne5 34. Qxe4 Nxc6 35. Qxc6 Qxe2 36. Qxf6 Qd1+ 37. Kg2 Qd5+ 38. Qf3 Qxa2 39. h4 Qc4 40. h5 Rc8 41. h6 g6 42. Qf6 Qd5+ 43. Rf3 Kf8 44. Qh8+ Ke7 45. Qxc8 Qg5+ 46. Rg3 Qd5+ 47. Rf3 Qg5+ 48. Kh2 Qxh6+ 49. Qh3 Qg5 50. Re3+ Kf6 51. Qg3 Qh5+ 52. Kg2 Kg7 53. c4 Qd1 54. Qe5+ Kg8 55.
Qe4 Qa4 56. c5 Qd1 57. c6 1-0

[Event "*** Titled Tuesday Blitz"]
[Site "Chess.com"]
[Date "2018.07.03"]
[Round "6"]
[White "nurmiTV"]
[Black "dolynachess"]
[Result "1-0"]
[WhiteElo "2509"]
[BlackElo "2406"]
[TimeControl "180+2"]
[EndTime "14:18:02 PDT"]
[Termination "nurmiTV won on time"]

1. c4 c5 2. Nc3 Nc6 3. g3 g6 4. Bg2 Bg7 5. Nf3 Nf6 6. O-O O-O 7.
d4 cxd4 8. Nxd4 Nxd4 9. Qxd4 d6 10. b3 a6 11. Bb2 Rb8 12. Rac1 b5 13. cxb5 axb5 14.
Rfd1 Be6 15. h3 Qa5 16. Qd2 Rfc8 17. g4 b4 18. Na4 Bd7 19. a3 Rxc1 20. Rxc1 Bxa4 21.
bxa4 Qxa4 22. Rc4 Nd7 23. Bxg7 Kxg7 24. axb4 Ne5 25. Re4 Qa7 26. g5 Kg8 27. e3 Qc7 28.
Qb2 e6 29. Rd4 Nc4 30. Qc3 d5 31. Bf1 Rc8 32. f4 Qb6 33. Bxc4 dxc4 34. Kf2 Qb5 35. h4 Qf5 36. Kg3 Qb1 37. Kg2 Qa2+ 38. Kf3 Qb3 39. Qxb3 cxb3 40. Rd3 b2 41. Rb3 Rc2 42. b5 Rc7 43. b6 Rb7 44. Rxb2 Kf8 45. Ke4 Ke7 46.
Ke5 Kd7 47. Kf6 Kc6 48. Kg7 f5+ 49. Kf6 Kd5 50. Rb4 Kc5 51. Rd4 Rxb6 52. Rd7 1-0

[Event "*** Titled Tuesday Blitz"]
[Site "Chess.com"]
[Date "2018.07.03"]
[Round "6"]
[White "simplerXiao"]
[Black "tgpgoat"]
[Result "1-0"]
[WhiteElo "2355"]
[BlackElo "1968"]
[TimeControl "180+2"]
[EndTime "14:18:10 PDT"]
[Termination "simplerXiao won by checkmate"]

1. e4 c5 2. Nf3 e6 3. d4 cxd4 4. Nxd4 Nc6 5. Be2 Nf6 6. Nc3 Bb4 7. O-O Bxc3 8. bxc3 Nxe4 9. Qd3 Nf6 10. Ba3 Ne7 11. Nb5 O-O 12. Qd6 Ng6 13. Nc7 Ne4 14. Qd4 Qxc7 15.
Qxe4 d5 16. Qd4 Re8 17. h4 Nf4 18. Bf3 e5 19. Qd2 e4 20. Bd1 Qe5 21. Bc5 Qf6 22. Bd4 Qxh4 23. g3 Nh3+ 24. Kg2 Qe7 25. Rh1 Qg5 26.
Be3 Qg6 27. Qxd5 h6 28. Bh5 Qf6 29. Bd4 Qe7 30. Rxh3 Bxh3+ 31. Kxh3 Rad8 32. Qc4 Qd7+ 33. Bg4 Qd6 34. Kg2 a6 35. Rb1 b5 36. Qb4 Qxb4 37.
Rxb4 g6 38. a4 f5 39. Be2 bxa4 40. Rxa4 Rb8 41. Rxa6 Rb2 42. Bc4+ Kf8 43. Rxg6 Rxc2 44.
Rg8+ Ke7 45. Bc5+ Kd8 46. Bb6+ Ke7 47. Rg7+ Kf6 48. Bd4+ Re5 49. Rf7+ Kg6 50. Bxe5 h5 51. Rf6+ Kg5 52. Rf8 h4 53. Rg8+ Kh6 54. Bf4+ Kh7 55.
Be5 hxg3 56. Kxg3 Rc1 57. Rg7+ Kh6 58. Rf7 Kg6 59. Re7 Rc2 60. Bf7+ Kg5 61. Bd5 Re2 62. c4 e3 63. Bf4+ Kg6 64. Rxe3 Rc2 65. Re6+ Kh5 66. Rh6# 1-0

[Event "*** Titled Tuesday Blitz"]
[Site "Chess.com"]
[Date "2018.07.03"]
[Round "6"]
[White "VitaliyBernadskiy"]
[Black "Aleksey_Sorokin"]
[Result "1-0"]
[WhiteElo "2718"]
[BlackElo "2759"]
[TimeControl "180+2"]
[EndTime "14:18:14 PDT"]
[Termination "VitaliyBernadskiy won by resignation"]

1. e4 c5 2. Nc3 d6 3. Nf3 Nf6 4. e5 dxe5 5. Nxe5 e6 6. g3 Nbd7 7. Nc4 Rb8 8. a4 Be7 9. Bg2 O-O 10. d3 b6 11. Bf4 Bb7 12. Ne4 Nxe4 13. dxe4 Ra8 14. O-O Qc8 15. Bd6 Qe8 16. e5 Bxg2 17. Kxg2 f6 18. Bxe7 Qxe7 19. exf6 Nxf6 20. Qe2 Qb7+ 21.
Kg1 Ne4 22. f3 Ng5 23. Kg2 Rf6 24. h4 Nf7 25. Rad1 Rf8 26. Qe4 Qxe4 27. fxe4 Rxf1 28. Rxf1 Rd8 29. Kf3 Rd4 30. b3 Nd6 31. Nxd6 Rxd6 32.
Ke3 g6 33. Rf6 Kg7 34. e5 Rd1 35. Rxe6 Kf7 36. Rd6 Re1+ 37. Kf4 Ke7 38. Rc6 Kd7 39. Rd6+ Ke7 40. Rd2 Ke6 41. Rd8 Rf1+ 42. Ke4 Re1+ 43. Kf3 Rxe5 44. Rh8 Rf5+ 45. Ke4 Rf7 46. Rc8 Re7 47.
Rh8 Kd6+ 48. Kf4 c4 49. Kg5 cxb3 50. cxb3 Kc5 51. Kh6 Re4 52. Kxh7 Kb4 53. Rg8 Kxb3 54. Kxg6 Kxa4 55. h5 b5 56. h6 Re6+ 57. Kh5 Re7 58. Rg7 Re8 59. Rxa7+ Kb3 60. g4 b4 61. g5 Kc2 62. Rc7+ Kd2 63. Rb7 Kc3 64. h7 b3 65.
Rxb3+ Kxb3 66. g6 Kc4 67. g7 1-0

[Event "*** Titled Tuesday Blitz"]
[Site "Chess.com"]
[Date "2018.07.03"]
[Round "6"]
[White "Dr_Mortimer"]
[Black "pouya21"]
[Result "1/2-1/2"]
[WhiteElo "2806"]
[BlackElo "2649"]
[TimeControl "180+2"]
[EndTime "14:18:22 PDT"]
[Termination "Game drawn - insufficient material"]

1. e4 c5 2. Nc3 d6 3. d4 cxd4 4. Qxd4 Nc6 5. Qd2 g6 6. b3 Bh6 7. f4 e5 8. g3 Nf6 9. Bb2 O-O 10. O-O-O a5 11. a4 Nd4 12. Kb1 Bg4 13. Re1 Rc8 14. Bc4 Rxc4 15. bxc4 Qc7 16. Nb5 Nxb5 17. cxb5 Nh5 18. Qc3 Qxc3 19. Bxc3 exf4 20. gxf4 Bxf4 21. Ne2 Be5 22. Bxe5 dxe5 23. Nc1 Rc8 24. Nd3 f6 25. Re3 Kf7 26. Rc1 Be6 27. Nb2 Nf4 28. c4 b6 29.
c5 bxc5 30. Rec3 Ne2 31. Rxc5 Nxc1 32. Rxc8 Bxc8 33. Kxc1 Bb7 34. Nc4 Ke6 35. Nxa5 Bxe4 36. Kd2 Bd5 37. Kc3 Kd6 38. Nc4+ Bxc4 39. Kxc4 f5 40.
a5 f4 41. a6 f3 42. a7 f2 43. a8=Q f1=Q+ 44. Kb4 Qb1+ 45. Kc4 Qc2+ 46. Kb4 Qb2+ 47. Kc4 Qd4+ 48. Kb3 Qd5+ 49. Qxd5+ Kxd5 50. Kc3 Kc5 51. Kd3 Kxb5 52. Ke4 Kc4 53. Kxe5 Kd3 54. Kf6 Ke3 55. Kg7 Kf3 56. Kxh7 g5 57. Kg6 Kg4 58.
h3+ Kh4 59. Kh6 Kxh3 60. Kxg5 1/2-1/2

[Event "*** Titled Tuesday Blitz"]
[Site "Chess.com"]
[Date "2018.07.03"]
[Round "6"]
[White "NemtsevIgor"]
[Black "Ravan_02"]
[Result "1/2-1/2"]
[WhiteElo "2411"]
[BlackElo "2474"]
[TimeControl "180+2"]
[EndTime "14:18:23 PDT"]
[Termination "Game drawn - insufficient material"]

1. d4 Nf6 2. Bf4 g6 3. Nf3 Bg7 4. e3 O-O 5. Be2 d6 6. h3 b6 7. O-O Bb7 8. c4 Nbd7 9. Nc3 Re8 10. Bh2 e5 11. b4 exd4 12. exd4 Ne4 13. Nxe4 Bxe4 14.
Rc1 Qf6 15. c5 Rad8 16. cxd6 cxd6 17. Rc7 a5 18. bxa5 bxa5 19. Bg3 h6 20. Qa4 Nf8 21. Qxa5 Ne6 22. Rcc1 Bxf3 23. Bxf3 Nxd4 24. Bd1 Ra8 25. Qd5 Nf5 26. Bb3 Ra7 27. Rfe1 Rae7 28. Rxe7 Rxe7 29. Kh2 h5 30. Qf3 Kh7 31. Rd1 h4 32. Bf4 Nd4 33. Qg4 Nxb3 34. axb3 Re6 35. Bg5 Qxf2 36. Qxh4+ Qxh4 37.
Bxh4 Re3 38. Bg3 Be5 39. Bxe5 dxe5 40. Rb1 Rc3 41. b4 Rc6 42. b5 Rb6 43. g4 f5 44. Kg3 Kg7 45. h4 Kf6 46. Kf3 Ke6 47.
h5 fxg4+ 48. Kxg4 gxh5+ 49. Kxh5 Kf5 50. Rf1+ Ke4 51. Re1+ Kd4 52. Rd1+ Kc4 53. Kg5 Rxb5 54. Kf5 Kc3 55. Re1 Kd4 56. Re4+ Kd3 57. Rxe5 Rxe5+ 58. Kxe5 1/2-1/2

[Event "*** Titled Tuesday Blitz"]
[Site "Chess.com"]
[Date "2018.07.03"]
[Round "6"]
[White "1e41-0"]
[Black "gmjlh"]
[Result "0-1"]
[WhiteElo "2503"]
[BlackElo "2665"]
[TimeControl "180+2"]
[EndTime "14:18:24 PDT"]
[Termination "gmjlh won by resignation"]

1. d4 d5 2. c4 e6 3. Nc3 Nf6 4. cxd5 Nxd5 5. e4 Nxc3 6. bxc3 c5 7. Nf3 cxd4 8. cxd4 Bb4+ 9. Bd2 Bxd2+ 10. Qxd2 O-O 11. Bd3 Nc6 12. e5 Bd7 13. h4 h6 14. Rb1 Ne7 15. Be4 Rb8 16. Rxb7 Rxb7 17. Bxb7 Bb5 18. Be4 Qc7 19. a4 Ba6 20. Bd3 Bxd3 21. Qxd3 Qa5+ 22. Qd2 Qxa4 23. O-O Rd8 24. Rb1 Nf5 25. Rb4 Qa1+ 26.
Kh2 a5 27. Rb2 Qa4 28. Ra2 Nxd4 29. Nxd4 Qxd4 30. Qxd4 Rxd4 31. Rxa5 Rxh4+ 32. Kg3 g5 33. f3 Kg7 34. Kf2 Kg6 35. g4 h5 36. Kg3 hxg4 37.
fxg4 Rh1 38. Ra8 Kg7 39. Ra5 Re1 40. Kf3 Kf8 41. Kf2 Re4 42. Kf3 Rf4+ 43. Kg3 Rd4 44. Kf3 Rd5 45. Ra8+ Kg7 46. Ke4 Rb5 47. Rc8 Rb3 48.
Kd4 Rg3 49. Rc7 Rxg4+ 50. Kc5 Kg6 51. Kd6 Rh4 52. Rc8 Rh7 53. Rc1 g4 54. Kc5 Kf5 55.
Kd4 g3 56. Rf1+ Kg4 57. Ke4 g2 58. Ra1 Rh1 59. Ra4 g1=Q 60. Kd3+ Kf5 61. Rf4+ Kxf4 0-1